AoeStats
← Taha Bey

Arabia

508904699Analyzed
4v4 RM · 9d ago on Sep 24, 2026· 43m 23s· 8 players
Game mode
Random Map
Map size
Large (8 player)
Population
200
Speed
Normal
Resources
Standard
Victory
Conquest
Starting age
Dark Age
Ending age
Imperial Age
RankedLock teamsTeams togetherTeam positionsShared explorationLock speedFull tech treeHidden civsTurbo modeCheats
Victory
Defeat
🇵🇹 Persians · Portugal
719
+10
🇹🇷 Turks · Türkiye
715
+10
🇹🇼 Varangians · Taiwan
638
+13
🇨🇴 Lithuanians · Colombia
597
+16
🇨🇿 Teutons · Czechia
633
-14
🇬🇧 Varangians · United Kingdom
575
-12
🇹🇷 Turks · Türkiye
568
-12
🇪🇪 Danes · Estonia
560
-11
theblackdouglas9
15:16 Feudal Age
19:17 Wheelbarrow
21:00 Castle Age
19:40 Double-Bit Axe
19:39 Horse Collar
22:14 Gold Mining
23:20 Hand Cart
23:25 Gambesons
24:56 Fervor
36:08 Heavy Plow
40:16 Pikeman
minaDrive
9:45 Loom
11:31 Feudal Age
12:31 Double-Bit Axe
14:00 Horse Collar
19:30 Castle Age
17:57 Scale Mail Armor
19:11 Forging
19:54 Fletching
20:17 Gold Mining
20:32 Gambesons
21:02 Heavy Plow
22:23 Gold Shaft Mining
21:43 Stone Mining
23:28 Chain Mail Armor
24:24 Iron Casting
25:21 Arson
26:20 Wheelbarrow
25:30 Town Watch
26:30 Caravan
29:18 Bow Saw
30:18 Stone Shaft Mining
33:37 Imperial Age
31:04 Pikeman
32:42 Murder Holes
33:08 Ballistics
35:23 Halberdier
35:28 Elite Varangian Guard
36:40 Plate Mail Armor
37:11 Blast Furnace
36:29 Hand Cart
36:15 Town Patrol
38:29 Arrowslits
zibo4074
0:38 Loom
11:28 Feudal Age
12:00 Double-Bit Axe
12:00 Horse Collar
16:34 Gold Mining
20:29 Castle Age
18:41 Stone Mining
18:42 Arson
21:06 Scale Mail Armor
21:18 Forging
21:59 Bow Saw
22:03 Heavy Plow
25:15 Stone Shaft Mining
27:21 Wheelbarrow
28:08 Town Watch
28:46 Squires
28:33 Gambesons
30:31 Hand Cart
30:18 Town Patrol
34:46 Imperial Age
32:41 Town Patrol
34:23 Chain Mail Armor
34:44 Iron Casting
33:59 Fletching
34:10 Padded Archer Armor
34:16 Scale Barding Armor
33:34 Elite Skirmisher
33:38 Pikeman
33:38 Man-at-Arms
34:33 Bloodlines
35:31 Elite Teutonic Knight
36:47 Hoardings
35:43 Sappers
36:34 Ironclad
36:34 Crenellations
36:36 Conscription
38:50 Chemistry
38:11 Ballistics
37:42 Heated Shot
38:03 Masonry
37:59 Siege Engineers
38:06 Fortified Wall
37:44 Arrowslits
38:28 Leather Archer Armor
40:31 Heavy Mounted Crossbowman
Taha Bey
12:43 Feudal Age
14:16 Horse Collar
23:36 Castle Age
24:48 Double-Bit Axe
25:06 Heavy Plow
27:16 Wheelbarrow
31:29 Bloodlines
32:09 Husbandry
35:37 Fervor
35:34 Devotion
36:34 Hand Cart
37:31 Sipahi
43:17 Squires
43:03 Arson
cristiansalinasplazas
4:41 Loom
13:11 Feudal Age
14:31 Wheelbarrow
13:46 Double-Bit Axe
14:03 Horse Collar
14:50 Gold Mining
18:25 Town Watch
20:36 Forging
20:32 Scale Barding Armor
21:47 Bloodlines
22:00 Stone Mining
26:32 Castle Age
27:19 Husbandry
29:16 Hand Cart
29:43 Stone Shaft Mining
29:20 Caravan
32:19 Bow Saw
32:14 Heavy Plow
34:36 Town Patrol
37:39 Chain Barding Armor
42:03 Imperial Age
40:15 Treadmill Crane
41:36 Iron Casting
42:33 Ballistics
44:10 Plate Barding Armor
44:45 Chemistry
iiiqq-qwzaa---q
10:05 Feudal Age
10:41 Double-Bit Axe
11:35 Wheelbarrow
13:10 Horse Collar
17:44 Castle Age
18:46 Bow Saw
18:56 Hand Cart
18:43 Heavy Plow
21:24 Stone Mining
24:13 Gold Mining
27:05 Scale Barding Armor
32:50 Imperial Age
31:15 Chain Barding Armor
31:06 Forging
32:56 Stone Shaft Mining
31:59 Vendel Legacy
34:13 Iron Casting
36:44 Two-Man Saw
35:24 Elite Jarl
37:14 Blast Furnace
37:44 Elite Varangian Guard
38:10 Arson
38:26 Squires
39:43 Plate Barding Armor
39:09 Scale Mail Armor
SLUG
11:26 Feudal Age
15:05 Town Watch
17:44 Castle Age
16:38 Double-Bit Axe
18:11 Stone Mining
19:08 Loom
21:12 Wheelbarrow
26:35 Kamandaran
26:55 Crossbowman
27:41 Thumb Ring
27:52 Horse Collar
29:10 Bow Saw
30:49 Heavy Plow
36:12 Imperial Age
35:16 Hand Cart
35:29 Forging
35:12 Fletching
35:40 Scale Barding Armor
35:53 Gold Mining
37:06 Iron Casting
36:32 Padded Archer Armor
36:44 Town Patrol
38:10 Conscription
38:46 Citadels
38:55 Bodkin Arrow
39:32 Chain Barding Armor
39:54 Crop Rotation
40:28 Hoardings
42:43 Two-Man Saw
42:25 Gold Shaft Mining
42:26 Stone Shaft Mining
43:52 Blast Furnace
43:28 Plate Barding Armor
43:10 Leather Archer Armor
sburaks
9:02 Feudal Age
14:54 Wheelbarrow
14:24 Double-Bit Axe
15:02 Horse Collar
20:56 Castle Age
27:21 Forging
27:16 Scale Barding Armor
27:13 Scale Mail Armor
27:22 Squires
27:48 Bow Saw
28:34 Heavy Plow
29:44 Masonry
30:00 Husbandry
31:20 Iron Casting
31:05 Chain Barding Armor
31:00 Chain Mail Armor
31:11 Chain Barding Armor
31:45 Hand Cart
31:42 Caravan
33:45 Gold Mining
34:20 Town Watch
42:32 Imperial Age
39:46 Treadmill Crane
40:26 Ballistics
41:02 Town Patrol
40:50 Arson
Connection lost

Rejoining the realm…

Still unreachable

The connection could not be restored.

Session expired

The server has moved on; the page needs a fresh start.